 Dungeon Crawl Stone Soup version 0.30-a0-718-geaa24f58ff (webtiles) character file.

Game seed: 14023396709939647559

4235 funkygono the Arsonist (level 10, -4/56 HPs)
             Began as a Gargoyle Fire Elementalist on Jan 25, 2023.
             Was a Follower of Vehumet.
             Slain by a culicivora (shapeshifter) (15 damage)
             ... on level 8 of the Dungeon.
             The game lasted 00:13:57 (7776 turns).

funkygono the Arsonist (Gargoyle Fire Elementalist) Turns: 7776, Time: 00:13:58

Health: -4/56      AC: 14    Str: 13    XL:     10   Next: 30%
Magic:  9/22       EV: 12    Int: 25    God:    Vehumet [*.....]
Gold:   394        SH:  0    Dex:  5    Spells: 15/25 levels left

rFire   . . .      SeeInvis .    o - +11 whip "Qeumyneq" {freeze, Str+2}
rCold   . . .      Faith    .    (no shield)
rNeg    + . .      Spirit   .    a - +0 robe
rPois   ∞          Reflect  .    (no helmet)
rElec   +          Harm     .    x - +1 cloak "Xuenys" {Fly Int+4 Dex-5}
rCorr   .          Rampage  .    u - +1 pair of gloves
Will    .....                    v - +0 pair of boots
Stlth   +                        D - amulet of magic regeneration
HPRegen 0.29/turn                (no ring)
MPRegen 0.58/turn                (no ring)

@: flying, studying Hexes
A: sickness immunity, AC +7, negative energy resistance 1, electricity
resistance, torment resistance 1, petrification resistance
a: Renounce Religion


You were on level 8 of the Dungeon.
You worshipped Vehumet.
Vehumet was aware of your devotion.
You visited 2 branches of the dungeon, and saw 9 of its levels.

You collected 394 gold pieces.

Inventory:

Hand Weapons
 e - a +0 falchion
 l - a +0 whip
 o - the +11 whip "Qeumyneq" (weapon) {freeze, Str+2}
   (You found it on level 3 of the Dungeon)

   Str:       It affects your strength (+2).
 w - a +1 whip of flaming
 F - a +4 quarterstaff of chaos
Missiles
 s - a throwing net
Armour
 a - a +0 robe (worn)
 k - a +1 cloak of stealth
 q - a +0 leather armour
 u - a +1 pair of gloves (worn)
 v - a +0 pair of boots (worn)
 x - the +1 cloak "Xuenys" (worn) {Fly Int+4 Dex-5}
   (You found it on level 4 of the Dungeon)

   Int:       It affects your intelligence (+4).
   Dex:       It affects your dexterity (-5).
   Fly:       It grants you flight.
 y - the +3 ring mail of the Kettle-Drum {rElec rF+ Dex-5}
   (You took it off a gnoll on level 4 of the Dungeon)

   Dex:       It affects your dexterity (-5).
   rF:        It protects you from fire.
   rElec:     It insulates you from electricity.
 z - a +1 leather armour of poison resistance
Magical Staves
 G - a staff of conjuration
Jewellery
 D - an amulet of magic regeneration (around neck)
Wands
 i - a wand of light (10)
 t - a wand of digging (7)
 E - a wand of polymorph (7)
 I - a wand of flame (24)
 M - a wand of charming (11)
 N - a wand of roots (11)
Scrolls
 d - 2 scrolls of teleportation
 f - a scroll of magic mapping
 r - 2 scrolls of fog
 H - a scroll of enchant armour
Potions
 b - a potion of magic
 c - a potion of flight
 g - a potion of cancellation
 h - a potion of attraction
 j - 3 potions of haste
 m - a potion of resistance
 n - a potion of brilliance
 p - 5 potions of curing
 A - 2 potions of mutation
 B - a potion of lignification
 C - a potion of ambrosia {unknown}
 K - a potion of berserk rage {unknown}


   Skills:
 + Level 3.0 Fighting
 + Level 4.3 Maces & Flails
 + Level 3.4 Dodging
 - Level 2.1 Stealth
 + Level 8.1 Spellcasting
 + Level 6.2 Conjurations
 + Level 8.7 Fire Magic


You had 15 spell levels left.
You knew the following spells:

 Your Spells              Type           Power      Damage    Failure   Level
a - Foxfire               Conj/Fire      100%       2x1d9     1%          1
b - Scorch                Fire           100%       2d10      1%          2
c - Kindle Blastsparks    Fire/Tloc/Air  48%        2d14      5%          3
d - Flame Wave            Conj/Fire      47%        2d12      2%          4

Your spell library contained the following spells:

 Spells                   Type           Power      Damage    Failure   Level
 Shock                    Conj/Air       100%       1d9       1%          1
 Inner Flame              Hex/Fire       31%        N/A       3%          3
 Cause Fear               Hex            5%         N/A       52%         4
 Summon Lightning Spire   Summ/Air       10%        N/A       52%         4
 Summon Forest            Summ/Tloc      5%         N/A       86%         5
 Summon Mana Viper        Hex/Summ       10%        N/A       86%         5
 Summon Cactus Giant      Summ           5%         N/A       100%        6
 Dragon Form              Tmut           5%         N/A       100%        7
 Storm Form               Tmut/Air       5%         N/A       100%        7
 Maxwell's Capacitive Co  Air            5%         ∞         100%        8
 Dragon's Call            Summ           5%         N/A       100%        9


Dungeon Overview and Level Annotations

Branches:
Dungeon (8/15)             Temple (1/1) D:6
   Lair: D:8-11

Altars:
Ashenzari
Cheibriados
Dithmenos
Elyvilon
Fedhas
Gozag
Hepliaklqana
Kikubaaqudgha
Makhleb
Nemelex Xobeh
Okawaru
Qazlal
Ru
Sif Muna
Trog
Uskayaw
Vehumet
Wu Jian
Xom
Yredelemnul
Zin
The Shining One
Lugonu

Portals:
Abyss: D:6


Innate Abilities, Weirdness & Mutations

You are immune to sickness and miasma.
Your stone body is resilient. (AC +7)
You are immune to poison.
You resist negative energy. (rN+)
You are resistant to electric shocks. (rElec)
You are resistant to unholy torment.
You are immune to petrification.


Message History

The orc warrior hits you with a +0 hand axe!
Casting: Scorch (safe; 1% risk of failure)
Confirm with . or Enter, or press ? or * to list all spells.
Flames lash the orc warrior.
The orc warrior is severely wounded.
The orc warrior hits you but does no damage.
Casting: Scorch (safe; 1% risk of failure)
Confirm with . or Enter, or press ? or * to list all spells.
Flames lash the orc warrior.
The orc warrior is burned terribly!
The orc warrior is severely wounded.
The orc warrior hits you but does no damage.
Casting: Scorch (safe; 1% risk of failure)
Confirm with . or Enter, or press ? or * to list all spells.
Flames lash the orc warrior.
The orc warrior is burned terribly!
The orc warrior is almost dead.
You hear a shout!
The orc warrior hits you but does no damage.
You hear an angry buzzing noise.
Casting: Scorch (safe; 1% risk of failure)
Confirm with . or Enter, or press ? or * to list all spells.
Flames lash the orc warrior.
The orc warrior is burned terribly!
You kill the orc warrior!
Vehumet accepts your kill.
A culicivora comes into view.
The culicivora closely misses you.
Casting: Scorch (safe; 1% risk of failure)
Confirm with . or Enter, or press ? or * to list all spells.
Flames lash the culicivora.
The culicivora is moderately wounded.
The culicivora's fire resistance burns away.
The culicivora bites you!
Casting: Scorch (safe; 1% risk of failure)
Confirm with . or Enter, or press ? or * to list all spells.
Flames lash the culicivora.
The culicivora is burned terribly!
The culicivora is almost dead.
You hear an angry buzzing noise.
The culicivora bites you!!
* * * LOW HITPOINT WARNING * * *
The culicivora bites you!
You die...

.... #... ##..# #..#
##.## ######.##
#.....#.......#
####....##..#.#####
#....###.#.......>###
##.....@##.##.......#
#...###s#.##.......#
#. ##.##.......#
#.###......##
#.##.........
#....###.####
#.#.......#
#.##......# #......#


You could see a culicivora (combustible).

Vanquished Creatures
  Pikel (D:5)
  A water moccasin (D:7)
  3 orc warriors
  2 black bears
  An ice beast (D:5)
  4 ogres
  3 centaurs
  2 lemures (D:5)
  2 phantoms
  5 kobold brigands
  A gnoll sergeant (D:8)
  3 bullfrogs (D:6)
  A necrophage (D:5)
  A scorpion (D:5)
  9 wights (D:6)
  3 killer bees
  An electric eel (D:7)
  5 hounds
  4 orc priests
  3 jellies
  2 gnoll boudas
  2 iguanas
  Crazy Yiuf (D:6)
  Jessica (D:3)
  7 orc wizards
  21 gnolls
  4 adders
  A shadow imp (D:5)
  A white imp (D:7)
  An ufetubus (D:5)
  2 worms
  3 dart slugs
  20 orcs
  11 endoplasms
  5 goblins
  3 hobgoblins
  3 quokkas
  A ball python (D:1)
  7 bats
  8 frilled lizards
  26 kobolds
  5 rats
190 creatures vanquished.

Vanquished Creatures (others)
  454 foxfires
454 creatures vanquished.

Grand Total: 644 creatures vanquished

Notes
Turn   | Place    | Note
-------+----------+-------------------------------------------
     0 | D:1      | funkygono the Gargoyle Fire Elementalist began the quest
                  | for the Orb.
     0 | D:1      | Reached XP level 1. HP: 10/10 MP: 3/3
   349 | D:1      | Reached XP level 2. HP: 15/15 MP: 1/5
   352 | D:1      | Learned a level 2 spell: Scorch
   592 | D:1      | Found a faded altar of an unknown god.
  1532 | D:2      | Reached XP level 3. HP: 19/19 MP: 2/6
  1536 | D:2      | Learned a level 3 spell: Kindle Blastsparks
  2198 | D:3      | Noticed Jessica
  2205 | D:3      | Killed Jessica
  2206 | D:3      | Reached XP level 4. HP: 23/24 MP: 3/7
  2246 | D:3      | Identified the +11 whip "Qeumyneq" {freeze, Str+2}
  2450 | D:3      | Found a basalt altar of Yredelemnul.
  2795 | D:3      | Reached XP level 5. HP: 28/28 MP: 4/9
  2844 | D:3      | Learned a level 4 spell: Flame Wave
  3019 | D:4      | Noticed a phantom
  3097 | D:4      | Killed a phantom
  3098 | D:4      | Reached XP level 6. HP: 32/32 MP: 4/11
  3347 | D:4      | Noticed a black bear
  3357 | D:4      | Killed a black bear
  3558 | D:4      | Identified the +3 ring mail of the Kettle-Drum {rElec rF+
                  | Dex-5}
  3588 | D:4      | Reached skill level 1 in Maces & Flails
  3695 | D:4      | Identified the +1 cloak "Xuenys" {Fly Int+4 Dex-5}
  3866 | D:4      | Found a burning altar of Makhleb.
  3954 | D:5      | Entered Level 5 of the Dungeon
  3957 | D:5      | Reached XP level 7. HP: 36/36 MP: 10/13
  4065 | D:5      | Noticed Pikel
  4073 | D:5      | Reached skill level 5 in Fire Magic
  4076 | D:5      | Killed Pikel
  4077 | D:5      | Reached skill level 1 in Fighting
  4077 | D:5      | Reached skill level 5 in Spellcasting
  4077 | D:5      | Reached XP level 8. HP: 43/43 MP: 3/15
  4433 | D:5      | Found a white marble altar of Elyvilon.
  5133 | D:5      | Reached skill level 5 in Conjurations
  5133 | D:5      | Reached XP level 9. HP: 39/48 MP: 13/18
  5499 | D:6      | Found a large runed translucent door.
  5500 | D:6      | Found a large runed translucent door.
  5515 | D:6      | Found a corrupted altar of Lugonu.
  5673 | D:6      | Found a one-way gate to the infinite horrors of the Abyss.
  6314 | D:6      | Found a staircase to the Ecumenical Temple.
  6323 | Temple   | Entered the Ecumenical Temple
  6330 | Temple   | Became a worshipper of Vehumet
  6472 | D:6      | Found a runed translucent door.
  6473 | D:6      | Noticed Crazy Yiuf
  6479 | D:6      | Killed Crazy Yiuf
  6811 | D:7      | Reached XP level 10. HP: 47/55 MP: 16/21
  7397 | D:7      | Found a hazy altar of Hepliaklqana.
  7637 | D:8      | Reached * piety under Vehumet
  7637 | D:8      | Offered knowledge of Shock by Vehumet.
  7776 | D:8      | Slain by a culicivora (shapeshifter)

Illustrated notes

Levels and vault maps discovered:
D:1:      roderic_chinese_lattice_arrival, layout_basic,
          dilly_ecumenical_altar_fadedgnrine, nrook_uturn,
          minmay_misc_feat_room, minmay_lizard_pond
D:2:      layout_loops_ring, hangedman_abyss_or_decor_stabs
D:3:      layout_rooms, mainiacjoe_overflow_concentric_impassable,
          hangedman_abyss_or_decor_lesser_grid, minivault_27, uniq_jessica
D:4:      layout_cave_pools, kennysheep_mini_moat, item_on_display_a
D:5:      cheibrodos_thug_alley, layout_cave_pods,
          mainiacjoe_overflow_tiny_flanked, uniq_pikel
D:6:      due_chaos_kobolds, layout_loops_ring, minmay_temple_entry_overgrown,
          minmay_manual_mares, uniq_crazy_yiuf_cottage
D:7:      layout_loops_ring, kennysheep_little_box, minmay_misc_feat_five,
          serial_bayou_crossing
D:8:      wad_cavern_with_rooms, layout_basic, minmay_manual_maat
Temple:   nicolae_temple_no_exploring_needed

Skill      XL: |  1  2  3  4  5  6  7  8  9 10 |
---------------+-------------------------------+-----
Dodging        | 2 3 |  3.4
Fire Magic     | 4 5 6 8 |  8.7
Spellcasting   | 3 4 5 6 7 8 |  8.1
Conjurations   | 2 3 4 5 6 |  6.2
Maces & Flails | 1 2 3 4 |  4.3
Fighting       | 1 2 3 |  3.0
Stealth        | |  2.1

Action                     |  1- 3 |  4- 6 |  7- 9 | 10-12 || total
---------------------------+-------+-------+-------+-------++-------
  Melee: Unarmed           |     4 |       |     1 |       ||     5
         Whip              |     1 |    26 |    71 |     4 ||   102
   Cast: Foxfire           |    55 |    70 |   108 |    34 ||   267
         Scorch            |     4 |     4 |    35 |    18 ||    61
         Flame Wave        |       |       |     2 |     4 ||     6
    Use: Scroll            |       |       |    14 |     5 ||    19
   Stab: Sleeping          |       |     2 |       |       ||     2
 Armour: Robe              |     3 |    18 |    40 |     9 ||    70
  Dodge: Dodged            |    12 |    24 |    65 |    15 ||   116

Table legend: (Time is in decaauts)
 A = Elapsed time spent in this place.
 B = Non-inter-level travel time spent in this place.
 C = Inter-level travel time spent in this place.
 D = Time resting spent in this place.
 E = Time spent auto-exploring this place.
 F = Levels seen in this place.
 G = Mean time per level.
                   A        B        C        D        E       F      G
               +--------+--------+--------+--------+--------+-----+--------+
         Total |   7772 |   7507 |    265 |    458 |   5791 |   9 |  863.6 |
       Dungeon |   7757 |   7500 |    257 |    458 |   5791 |   8 |  969.6 |
        Temple |     14 |      7 |      7 |      0 |      0 |   1 |   14.0 |
               +--------+--------+--------+--------+--------+-----+--------+

Top non-repeatable levels by time:
     D:5: 1369 daAuts
     D:1: 1323 daAuts
     D:6: 1296 daAuts
     D:4: 1003 daAuts
     D:7: 989 daAuts
     D:3: 832 daAuts
     D:2: 794 daAuts
     D:8: 147 daAuts
  Temple: 14 daAuts
